Cogmind - Beta 14 @@@ ROGUE MODE // 2024.08.27 @ 19:05:53 Player: AppleSource Result: Destroyed by G-47 Trooper with Particle Gun Performance ------------- Evolutions (0) 0 Regions Visited (2) 400 Robots Destroyed (12) 60 Value Destroyed (261) 261 Prototype IDs (1) 20 Alien Tech Used (0) 0 Bonus (0) 0 TOTAL SCORE: 741 Bonus ------- None Cogmind --------- Core Integrity 0/250 Matter 288/300 Energy 61/100 System Corruption 8% Temperature Cool (27) Movement Core (450) Ox8 Location -10/Mines Parts ------- > --- POWER (1) -------- (None) > --- PROPULSION (2) --- (None) > --- UTILITY (2) ------ Large Storage Unit AS-neutralizer No. 17b > --- WEAPON (2) ------- (None) > --- INVENTORY (15) --- Light Ion Engine Light Ion Engine High-capacity Battery (250) Grenade Launcher Rocket Launcher Peak State ------------ > --- POWER ------------ Light Nuclear Core > --- PROPULSION ------- Light Treads Light Treads > --- UTILITY ---------- Small Storage Unit > --- WEAPON ----------- EM Pulse Gun EM Pulse Gun > --- INVENTORY -------- Light Ion Engine Grenade Launcher [Rating: 8] Favorites ----------- Power Light Nuclear Core Engine Light Ion Engine Power Core Light Nuclear Core Propulsion Light Treads Treads Light Treads Utility Large Storage Unit Device AS-neutralizer No. 17b Storage Large Storage Unit Weapon Light Cannon Energy Gun EM Pulse Gun Energy Cannon Beam Cannon Ballistic Cannon Light Cannon Launcher Grenade Launcher Build | -11 -10 -10 ------- Run | Yrd Mat Min Slots Evolved . | . . . Power . | . . . Propulsion . | . . . Utility . | . . . Weapon . | . . . Parts Attached 17 | 6 6 5 Power 2 | 1 1 . Engine 1 | 1 . . Core 1 | . 1 . Reactor . | . . . Propulsion 4 | 2 1 1 Treads 4 | 2 1 1 Leg . | . . . Wheel . | . . . Hover . | . . . Flight . | . . . Utility 4 | 1 1 2 Device 2 | . . 2 Storage 2 | 1 1 . Processor . | . . . Hackware . | . . . Protection . | . . . Artifact . | . . . Weapon 7 | 2 3 2 Energy Gun 2 | 2 . . Energy Cannon 1 | . 1 . Ballistic Gun . | . . . Ballistic Cannon 1 | . 1 . Launcher 3 | . 1 2 Special Weapon . | . . . Impact Weapon . | . . . Slashing Weapon . | . . . Piercing Weapon . | . . . Special Melee Weapon . | . . . Unidentified Prototypes 1 | . . 1 Parts Lost 7 | . 2 5 Power 1 | . . 1 Propulsion 2 | . . 2 Utility . | . . . Weapon 4 | . 2 2 Highest Loss Streak 4 | . 2 4 To Critical Strikes . | . . . Average Slot Usage (%) 68 | . 78 36 Engine 1 | . 1 . Core 9 | . 12 1 Treads 24 | . 28 12 Storage 14 | . 14 14 Energy Gun 3 | . 4 . Energy Cannon 4 | . 5 2 Ballistic Cannon 6 | . 7 2 Launcher 3 | . 3 2 Peak Build Rating 8 | 6 8 8 Average Rating 6 | 4 7 3 On Entrance 4 | . 6 8 Naked Turns . | . . . Heaviest Build 31 | 12 31 31 Greatest Support 40 | 40 40 40 Greatest Overweight (x) 8 | . 1 8 Average Overweight (x) . | . . . Largest Inventory Capacity 15 | 8 15 15 Average Capacity 12 | 7 12 15 Most Carried 6 | 1 6 6 Average Carried 3 | . 3 5 Final Capacity 15 | 8 15 15 Final Carried 5 | 1 4 5 Class Distribution -------------------- 100% | Mutant Dominant Class ---------------- Mutant | -10/Materials Mutant | -10/Mines Resources | -11 -10 -10 ----------- Run | Yrd Mat Min Matter Collected 504 | 181 230 93 Remotely . | . . . Salvage Created 346 | . 327 19 Parts 33 | . 33 . Haulers Intercepted 1 | . 1 . Recyclers Shooed 1 | . 1 . Parts Field Recycled . | . . . Retrieved Matter . | . . . Parts Self-Destructed . | . . . Prevented . | . . . Kills | -11 -10 -10 ------- Run | Yrd Mat Min Combat Hostiles Destroyed 10 | . 8 2 Guns 2 | . 2 . Cannons 4 | . 3 1 AOE 4 | . 3 1 Classes Destroyed 6 | . 5 1 Worker 1 | . 1 . Hauler 1 | . 1 . Watcher 2 | . 2 . Swarmer 3 | . 3 . Grunt 5 | . 5 . Assembled 2 | . . 2 Best Kill Streak 4 | . 4 2 Combat Bots Only 3 | . 3 2 Max Kills in Single Turn 1 | . 1 1 Gunslinging . | . . . Exploded 1 | . 1 1 Melee . | . . . Uniques/NPCs Destroyed . | . . . Combat | -11 -10 -10 -------- Run | Yrd Mat Min Hostile Shots Fired 94 | . 36 58 Missed 20 | . 6 14 Damage Taken 1163 | . 386 777 Core 256 | . 62 194 Absorbed by Shields . | . . . Core Remaining (%) 100 | 100 . . Volleys Fired 42 | . 34 8 Largest 2 | . 2 2 Hottest 95 | . 95 95 Shots Fired 67 | . 57 10 Gun 23 | . 23 . Cannon 36 | . 28 8 Launcher 8 | . 6 2 Special . | . . . Kinetic 18 | . 16 2 Thermal 18 | . 12 6 Explosive 8 | . 6 2 Electromagnetic 23 | . 23 . Robot Hit Streak 6 | . 6 3 Robot Miss Streak 10 | . 10 3 Penetration Max . | . . . Secondary Targets . | . . . Shots Hit Robots 35 | . 31 4 Core Hits 22 | . 19 3 Critical Kills . | . . . Critical Parts Destroyed . | . . . Critical Strikes . | . . . Melee Attacks . | . . . Impact . | . . . Slashing . | . . . Piercing . | . . . Sneak Attacks . | . . . Combat Hostiles . | . . . Follow-up Attacks . | . . . Damage Inflicted 765 | 3 665 97 Guns 207 | . 207 . Cannons 278 | . 206 72 Explosions 268 | . 243 25 Melee . | . . . Ramming 12 | 3 9 . Kinetic 135 | . 117 18 Thermal 176 | . 122 54 Explosive 235 | . 210 25 Electromagnetic 207 | . 207 . Impact . | . . . Slashing . | . . . Piercing . | . . . Highest Corruption 8 | . . 8 Average Corruption 7 | . . 7 Corruption Purged . | . . . Corruption Blocked . | . . . Effects 9 | . . 9 Message Errors 2 | . . 2 Matter Fused 4 | . . 4 Heat Flow Errors 1 | . . 1 Energy Discharges 1 | . . 1 Data Loss (major) 1 | . . 1 Overload Shots . | . . . Overflow Damage . | . . . Projectiles . | . . . Explosions . | . . . Melee . | . . . Knockbacks 1 | . . 1 Impact . | . . . Kinetic 1 | . . 1 Secondary . | . . . Self-Inflicted Damage 102 | . 63 39 Shots 3 | . 2 1 Rammed 4 | 1 3 . Targets Rammed 4 | 1 3 . Kicked . | . . . Crushed . | . . . Highest Temperature 372 | . 372 97 Average Temperature 112 | . 126 33 Received Heat Transfer 219 | . 129 90 Effects 3 | . 3 . Shutdowns 1 | . 1 . Short Circuit 1 | . 1 . Damage (minor) 1 | . 1 . Siege Activations . | . . . Robots Corrupted . | . . . Combat Hostiles . | . . . Parts Fried . | . . . Impact Corruptions . | . . . Robots Melted . | . . . Combat Hostiles . | . . . Parts Melted . | . . . Heat Transferred 346 | . 235 111 Parts Sabotaged . | . . . Parts Stolen . | . . . Parts Stripped . | . . . Power Chain Reactions 1 | . 1 . Alert | -11 -10 -10 ------- Run | Yrd Mat Min Peak Influence 177 | . 177 17 Initial . | . . . Average 57 | . 74 13 Maximum Alert Level . | . . . Low Security (%) 100 | 100 100 100 Level 1 . | . . . Level 2 . | . . . Level 3 . | . . . Level 4 . | . . . Level 5 . | . . . High Security . | . . . Max Security . | . . . Squads Dispatched 1 | . 1 . Investigation . | . . . Extermination . | . . . Reinforcement 1 | . 1 . Assault . | . . . Garrison . | . . . Intercept . | . . . Searches Triggered . | . . . Construction Impeded . | . . . Haulers Reinforced . | . . . Active Scanning Responses . | . . . Cargo Convoy Interrupts . | . . . Stealth | -11 -10 -10 --------- Run | Yrd Mat Min Distress Signals 2 | . 2 . Communications Jammed . | . . . Distress Signals . | . . . Times Spotted 23 | . 14 9 Peak Tracking Total 13 | . 4 13 Tactical Retreats 3 | . 2 1 Traps | -11 -10 -10 ------- Run | Yrd Mat Min Traps Triggered . | . . . Indirectly . | . . . Trap Hack Attempts . | . . . Triggered . | . . . Disarmed . | . . . Reprogrammed . | . . . Reused . | . . . Traps Extracted . | . . . Installed . | . . . Triggered . | . . . Machines | -11 -10 -10 ---------- Run | Yrd Mat Min Machines Disabled . | . . . Max in Single Turn . | . . . Machines Repaired . | . . . Machines Dismantled . | . . . Machines Sabotaged . | . . . Overloaded Fab Kills . | . . . Hacking | -11 -10 -10 --------- Run | Yrd Mat Min Machines Accessed . | . . . Terminals . | . . . Fabricators . | . . . Repair Stations . | . . . Recycling Units . | . . . Scanalyzers . | . . . Garrison Access . | . . . Total Hacks . | . . . Successful . | . . . Failed . | . . . Catastrophic . | . . . Database Lockouts . | . . . Manual . | . . . Terminals . | . . . Fabricators . | . . . Repair Stations . | . . . Recycling Units . | . . . Scanalyzers . | . . . Garrison Access . | . . . Terminal Hacks . | . . . Fabricator Hacks . | . . . Repair Station Hacks . | . . . Recycling Unit Hacks . | . . . Scanalyzer . | . . . Garrison Access Hacks . | . . . Unauthorized Hacks . | . . . Terminals . | . . . Fabricators . | . . . Repair Stations . | . . . Recycling Units . | . . . Scanalyzers . | . . . Garrison Access . | . . . Data Cores Recovered . | . . . Used . | . . . Hacking Detections . | . . . Full Trace Events . | . . . Feedback Events . | . . . Feedback Blocked . | . . . Robot Schematics Acquired . | . . . Robots Built . | . . . Authchips . | . . . Time . | . . . Total Robot Build Rating . | . . . Part Schematics Acquired . | . . . Parts Built . | . . . Authchips . | . . . Time . | . . . Total Part Build Rating . | . . . Parts Repaired . | . . . Time . | . . . Parts Recycled . | . . . Recycled Matter . | . . . Retrieved Matter . | . . . Retrieved Components . | . . . Parts Scanalyzed . | . . . Part Schematics Acquired . | . . . Parts Damaged . | . . . Bothacking | -11 -10 -10 ------------ Run | Yrd Mat Min Used RIF Installer . | . . . Robots Hacked . | . . . Non-combat . | . . . Combat . | . . . Robot Hacks Applied . | . . . Relay Couplers Released . | . . . Fabnet Peak Effective % . | . . . Robots Rewired . | . . . Allies Hacked . | . . . Hacks Repelled . | . . . Allies | -11 -10 -10 -------- Run | Yrd Mat Min Total Allies . | . . . Largest Group . | . . . Highest-Rated Group . | . . . Highest-Rated Ally . | . . . Total Orders . | . . . Ally Attacks . | . . . Total Damage . | . . . Kills . | . . . Allies Corrupted . | . . . Allies Melted . | . . . Intel | -11 -10 -10 ------- Run | Yrd Mat Min Robot Analysis Total . | . . . Derelict Logs Recovered . | . . . Drone Launches . | . . . Drone Recoveries . | . . . Exploration | -11 -10 -10 ------------- Run | Yrd Mat Min Turns Passed 1194 | 59 868 267 Spaces Moved 606 | 34 448 124 Core 16 | 5 . 11 Treads 590 | 29 448 113 Legs . | . . . Wheels . | . . . Hover . | . . . Flight . | . . . Fastest Speed 50 | 50 160 160 Average Speed 166 | 143 161 190 Slowest Speed 450 | 160 240 450 Overloaded Moves . | . . . Propulsion Burnouts . | . . . Robots Hopped . | . . . Cave-ins Triggered . | . . . Exploration Rate (%) 33 | 3 76 22 Regions Visited 2 Branch Regions 1 Pre-discovered Areas . | . . . Known Exits Taken . | . . . Unknown Exits Taken 2 | 1 1 . Scrap Searched . | . . . Spaces Dug . | . . . Terrain Destroyed 58 | . 36 22 Melee . | . . . Projectile . | . . . AOE 58 | . 36 22 Terrain Rammed . | . . . Walls Destroyed . | . . . Machines Disabled . | . . . Actions | -11 -10 -10 --------- Run | Yrd Mat Min Total 723 | 41 535 147 Wait 35 | . 33 2 Move 604 | 33 447 124 Hop . | . . . Pick Up 8 | 1 5 2 Fast Attach 14 | 6 4 4 Attach 2 | . 1 1 Detach 6 | . 3 3 Swap 1 | . 1 . Drop 7 | . 4 3 Fire 42 | . 34 8 Melee . | . . . Ram . | . . . Kick . | . . . Crush 4 | 1 3 . Escape Stasis . | . . . Rewire . | . . . Trap . | . . . Miscellaneous . | . . . Route ------- -11/Scrapyard -10/Materials (discovered 4 exits: [*Mat x2] / [*Min x2]) -10/Mines History --------- Turn | Location | Event 25 | -11/Scrapyard | Discovered new exit (range 15) 60 | -11/Scrapyard | Entered Materials 308 | -10/Materials | Build established: Mutant 356 | -10/Materials | Discovered new exit (range 10) 492 | -10/Materials | Discovered new exit (range 5) 745 | -10/Materials | Discovered new exit (range 16) 787 | -10/Materials | Discovered new exit (range 7) 928 | -10/Materials | Entered Mines 929 | -10/Mines | Assembled infested the area 935 | -10/Mines | Received a Rocket Launcher from a helpful Derelict 965 | -10/Mines | Core integrity fell below 50% 973 | -10/Mines | Core integrity fell below 20% 988 | -10/Mines | Met 8R-AWN 1001 | -10/Mines | Lost 4 parts (1p1n2w) 1043 | -10/Mines | Found Prototype Device 1043 | -10/Mines | Identified AS-neutralizer No. 17b 1195 | -10/Mines | Destroyed by G-47 Trooper with Particle Gun Last Messages --------------- Acquired 20 matter. Acquired Lgt. Treads. Acquired 22 matter. Acquired 20 matter. Acquired 12 matter. System corrupted: Matter fused (-9). Acquired 9 matter. Acquired Prototype Device. Identified AS-neutralizer No. 17b. Acquired 10 matter. ML53&HH|:XG:UJ7SGUIQCZL4S2L97U System corrupted: Heat flow error (+121). >Q4NPD3A#409RZIFH5MA:MPG>6M63%VJCT|,K& System corrupted: Matter fused (-7). System corrupted: Energy discharge (-22). Dropped AS-neutralizer No. 17b. Acquired AS-neutralizer No. 17b. Lgt. Treads destroyed. System corrupted: Substantial component data lost. Critical hit (Burn: +37). Map ----- +----------------------------------------------------+ | ????????????????????????????????? | | ????????????????????????????????? | | ????????????????????????????????? | | ????????????????????????????????? | | ????????????????????????????????? | | ????????????????????????????????? | | ???????????????????###??????????? | | ??????????????????? #??????????? | | ???????????????????# #??????????? | | ???????????????????# #??????????? | | ???????????????????# #?#####????? | | ???????????????????# #?#" ##?##? | | ???????????????????# #?# ## #? | | ???????????#??###### ### "# #?? | | ?????# ##"## %% "#??? | | ?????# %########%%% ##### | | ??????# #### ##????#"%% #"# # | | ??????##????## ##???## %""# | | ???????????## ##???#%%### | | ??????????## ##??#%%##= # | | ??????????# """ #??# ! | # | | ???????#### """ #??# ## | | ???????# """ "#??# ## | | ???????# ### ####??# ### | | ???????# #?# "#?????# #?# | | ???????#@#?## ##?????# #?# | | ???????# #??## #??????# ### | | ???????# #???# #??????# % | | ???????# #????# ??????# | | ??######g#?????# ?????######### | | ??# #?????? ????????????# | | ??# ## ###?????? ??????????# # | | ??# ## #????????? ?????????##? | | ??# ## #?????####? ## ??????????? | | ??# ## ## #??#????????????? | | ??# ## #???????????????? | | ?## #### #???????????????? | | ?# ##?? #???????????????? | | ?# #???""" ?????????????????? | | ?# #????" #???????????????? | | ?## #????? ?#???????????????? | | ??# ##???????????????????????? | | ??## ##????????????????????????? | | ???####?????????????????????????? | | ????????????????????????????????? | | ????????????????????????????????? | | ????????????????????????????????? | | ????????????????????????????????? | | | | | +----------------------------------------------------+ Best States ------------- Heat Dissipation 25 Energy Generation 14 Energy Capacity 160 Matter Stores 300 Matter Capacity 300 Sight Range 16 Terrain Scan Density 10 Evasion (%) 40 Recoil Reduction 2 Item Schematics ----------------- None Robot Schematics ------------------ None Fabricated ------------ Nothing Alien Tech Used ----------------- None Achievements -------------- None Challenges ------------ None Game ------ Seed DefenseArmoredDetonator Manual? 0 Play Time 00:09:56 Cumulative 19.1 hours Start 2024.08.27 @ 18:58:06 End 2024.08.27 @ 19:05:53 Sessions 1 Manual Loads 0 Difficulty Rogue Special Mode None Game No. 28 Rogue 16 Adventurer 12 Explorer 0 Win Type - Total 0 Types 0/0/0/0/0/0/0/0/0 Lore% 8 Gallery% 17 Achievement% 16 Wizard Run 0 Options --------- Layout 0 ASCII 0 Keyboard 1 Movement Numpad Keybinds 0 Fullscreen 2 Font 24/Smallcaps Map View 113x50 Zoom Use 0% Tactical HUD 0 Map Filters NONE Filters NONE Steam 1 RUN: 6d44e19b-3fbe-43de-9ad3-2b60e533c958